Map: Frost LE

Players

Fropez - Winner!

  • Race: Protoss Protoss
  • League: Silver
  • Spawn Location: 1:00

Anonymous

  • Race: Zerg Zerg
  • League: Silver
  • Spawn Location: 5:00

VOD

Have the link to the VOD?

Description

Time

  • Played on: July 1, 2016, 8:52 p.m.
  • Length: 16:01
Show
View Real Time Build Order
Export as new Build Order

Fropez Protoss - Winner!

Build Orders:  

Get SALT Encoding   

  12  0:02  Probe (Chrono Boost)  
  13  0:15  Pylon  
  13  0:21  Probe (Chrono Boost)  
  14  0:31  Probe (Chrono Boost)  
  15  0:39  Gateway  
  15  0:42  Assimilator  
  15  0:47  Probe (Chrono Boost)  
  16  1:01  Gateway  
  16  1:06  Pylon  
  16  1:12  Probe (Chrono Boost)  
  17  1:23  Probe (Chrono Boost)  
  18  1:25  Pylon  
  18  1:33  Probe (Chrono Boost)  
  19  1:41  Pylon  
  20  1:51  Cybernetics Core  
  19  2:02  Gateway  
  19  2:09  Probe (Chrono Boost)  
  19  2:15  Assimilator  
  20  2:27  Warp Gate (Chrono Boost)  
  20  2:29  Mothership Core (Chrono Boost)  
  22  2:40  Pylon  
  22  2:47  Probe (Chrono Boost)  
  22  2:49  Adept x2  
  27  2:58  Probe (Chrono Boost)  
  28  3:08  Probe (Chrono Boost)  
  29  3:17  Adept  
  29  3:18  Adept x2  
  35  3:23  Probe (Chrono Boost)  
  36  3:34  Probe  
  37  3:42  Twilight Council  
  37  3:46  Probe  
  34  4:45  Adept x3  
  38  4:46  Probe  
  35  4:57  Nexus  
  35  4:58  Probe  
  36  5:00  Gateway  
  36  5:02  Gateway  
  36  5:04  Pylon  
  36  5:15  Probe  
  36  5:17  Adept x2  
  36  5:19  Adept  
  44  5:28  Probe  
  44  5:34  Resonating Glaives (Chrono Boost)  
  44  5:40  Pylon, Probe  
  45  5:52  Adept x2  
  45  5:55  Adept  
  51  5:59  Adept  
  49  6:37  Adept x4  
  49  6:38  Probe x2  
  53  6:52  Adept  
  51  6:59  Adept x3  
  57  7:02  Assimilator  
  57  7:04  Assimilator  
  57  7:21  Adept x3  
  57  7:22  Adept  
  65  7:30  Robotics Facility  
  65  7:31  Probe  
  65  7:32  Probe  
  67  7:42  Probe  
  69  7:44  Probe  
  69  7:51  Pylon  
  69  7:52  Probe  
  70  8:02  Pylon  
  70  8:08  Probe  
  70  8:09  Probe  
  72  8:13  Pylon  
  72  8:16  Warp Prism (Chrono Boost)  
  72  8:19  Probe  
  74  8:22  Probe  
  76  8:30  Probe  
  77  8:34  Probe  
  78  8:47  Probe  
  78  8:48  Forge, Probe  
  79  8:50  Pylon  
  79  8:52  Immortal (Chrono Boost)  
  84  8:59  Probe  
  85  9:16  Gateway  
  85  9:17  Probe  
  85  9:18  Probe  
  85  9:21  Immortal, Protoss Ground Weapons Level 1 (Chrono Boost)  
  91  9:36  Nexus, Zealot x4  
  93  9:58  Adept x4  
  91  10:31  Probe  
  91  10:32  Probe  
  93  10:41  Assimilator  
  93  10:43  Assimilator  
  93  10:45  Pylon  
  93  10:48  Charge  
  93  10:49  Immortal  
  97  11:00  Forge  
  97  11:01  Pylon  
  97  11:02  Protoss Ground Armor Level 1 (Chrono Boost)  
  97  11:06  Pylon  
  97  11:13  Gateway  
  97  11:14  Gateway  
  97  11:17  Pylon  
  97  11:27  Immortal  
  97  11:29  Probe x2  
  103  11:33  Pylon  
  103  11:34  Sentry x5  
  113  11:43  Pylon  
  113  12:05  Immortal  
  113  12:07  Pylon  
  113  12:12  Protoss Ground Weapons Level 2 (Chrono Boost)  
  117  12:31  Adept x2  
  117  12:32  Adept x5, Pylon  
  131  12:42  Protoss Ground Armor Level 2 (Chrono Boost)  
  131  12:44  Immortal  
  135  12:59  Pylon  
  135  13:01  Pylon  
  129  13:23  Immortal  
  128  13:33  Zealot x3  
  128  13:34  Zealot x2  
  134  14:17  Adept x4  
  134  14:18  Adept x3  
  114  14:40  Adept x3  
  114  14:41  Adept x4  
  114  14:43  Immortal  
  128  14:54  Gateway  
  128  15:09  Probe  
  128  15:10  Probe  
  124  15:49  Adept x2  
  122  15:50  Adept x5  
Show
View Real Time Build Order
Export as new Build Order

Anonymous Zerg 

Build Orders: Pool First 

Get SALT Encoding   

  12  0:12  Drone  
  13  0:15  Drone  
  14  0:23  Overlord  
  14  0:39  Extractor  
  14  0:40  Drone  
  14  0:41  Drone  
  15  0:51  Spawning Pool  
  15  0:52  Drone  
  15  1:05  Drone  
  16  1:12  Drone  
  17  1:25  Drone  
  18  1:38  Queen  
  18  1:39  Zergling x4  
  22  2:02  Overlord  
  22  2:23  Hatchery  
  21  2:30  Extractor  
  21  2:31  Queen  
  22  2:46  Drone  
  22  2:47  Drone  
  22  2:48  Hatchery  
  22  2:49  Drone  
  24  3:04  Spore Crawler  
  24  3:05  Drone x2  
  25  3:07  Drone  
  26  3:14  Drone  
  27  3:27  Zergling x2  
  27  3:28  Zergling x2  
  29  3:37  Extractor  
  28  3:42  Roach Warren, Lair  
  26  3:57  Zergling x4  
  26  3:59  Queen  
  28  4:05  Zergling x4  
  29  4:17  Zergling x2  
  29  4:18  Zergling x2  
  29  4:20  Zergling x2  
  29  4:21  Zergling x2  
  30  4:32  Roach x2  
  34  4:45  Drone x3  
  36  4:48  Drone  
  36  4:50  Drone  
  37  5:02  Roach  
  37  5:03  Roach  
  41  5:10  Overlord  
  41  5:22  Overlord  
  41  5:28  Infestation Pit  
  40  5:32  Evolution Chamber, Drone x2  
  42  5:35  Drone  
  42  5:44  Spine Crawler  
  42  5:46  Drone  
  42  6:06  Roach  
  42  6:07  Roach x2  
  48  6:13  Hive  
  42  6:28  Roach  
  42  6:29  Roach x2  
  44  6:46  Roach  
  44  6:47  Roach x2  
  49  6:48  Roach  
  49  7:35  Roach x2  
  49  7:36  Roach  
  55  7:42  Drone x3  
  58  7:44  Ultralisk Cavern, Drone  
  58  7:45  Overlord  
  58  8:17  Drone x3  
  61  8:21  Zerg Melee Weapons Level 1  
  61  8:32  Extractor  
  60  8:36  Drone x2  
  60  8:37  Extractor, Drone x2  
  60  8:38  Drone  
  64  8:58  Drone x2  
  64  8:59  Overlord  
  66  9:09  Overlord  
  66  9:23  Hydralisk Den  
  65  9:25  Spore Crawler  
  65  9:26  Drone x2  
  65  9:27  Spore Crawler, Drone  
  65  9:29  Drone x2  
  65  9:30  Drone  
  69  9:35  Ultralisk  
  67  10:26  Chitinous Plating  
  67  10:29  Ultralisk  
  67  10:34  Hydralisk x2  
  77  10:43  Spine Crawler x2  
  77  10:47  Spine Crawler, Drone  
  77  10:48  Drone  
  77  10:49  Drone  
  77  10:55  Drone  
  78  10:59  Drone  
  79  11:16  Spine Crawler  
  79  11:18  Spine Crawler  
  77  11:31  Overseer  
  77  11:33  Overseer  
  77  11:34  Pneumatized Carapace  
  77  11:42  Drone x3  
  80  12:17  Queen  
  80  12:19  Overlord  
  80  12:20  Overlord  
  82  12:33  Overlord  
  82  12:38  Spore Crawler  
  82  12:43  Drone x2  
  83  12:45  Spore Crawler  
  83  12:48  Lair  
  83  12:49  Spore Crawler  
  81  12:57  Drone  
  81  12:58  Ultralisk Cavern, Drone  
  82  13:23  Roach x6  
  71  14:14  Drone x3  
  71  14:15  Drone x2  
  59  15:31  Hatchery  
Tags
 
Matchup
PvZ
Opening
Pool First
Replay Pack
All Mines
Spawn Locations
Close Positions
Add a new tag
Caveats
  • Supply blocks, unpowered buildings, or Contaminate may cause inaccurate times.
  • Supply counts are checked every 10 seconds.